 Dungeon Crawl Stone Soup version 0.28-a0-695-gff097466f2 (webtiles) character file.

Game seed: 9308154900506203029

164 funkygono the Firebug (level 5, -8/28 HPs)
             Began as a Gargoyle Fire Elementalist on Oct 23, 2021.
             Killed from afar by a steam dragon (14 damage)
             ... with a ball of steam
             ... on level 4 of the Dungeon.
             The game lasted 00:07:53 (4333 turns).

funkygono the Firebug (Gargoyle Fire Elementalist)  Turns: 4333, Time: 00:07:54

Health: -8/28      AC:  9    Str: 12    XL:     5   Next: 45%
Magic:  9/9        EV: 12    Int: 16    God:
Gold:   200        SH:  0    Dex: 10    Spells: 4/10 levels left

rFire   . . .      SeeInvis .   l - +0 flail (holy)
rCold   . . .      Faith    .   (no shield)
rNeg    + . .      Spirit   .   a - +0 robe
rPois   ∞          Reflect  .   (no helmet)
rElec   +          Harm     .   m - +2 cloak
rCorr   .          Rampage  .   (no gloves)
Will    .....                   (no boots)
Stlth   +.........              (no amulet)
HPRegen 0.09/turn               (no ring)
MPRegen 0.11/turn               (no ring)

@: confused, ambrosia-drunk
A: sickness immunity, AC +4, negative energy resistance 1, electricity
resistance, torment resistance 1, petrification resistance
a: no special abilities


You were on level 4 of the Dungeon.
You visited 1 branch of the dungeon, and saw 4 of its levels.

You collected 200 gold pieces.

Inventory:

Hand Weapons
 d - a +0 whip
 h - a +0 club
 l - a +0 flail of holy wrath (weapon)
Missiles
 g - 45 stones
Armour
 a - a +0 robe (worn)
 j - a +0 leather armour
 k - a +1 chain mail of poison resistance
 m - a +2 cloak (worn)
Magical Staves
 i - a staff of conjuration
Scrolls
 f - a scroll of blinking
Potions
 c - 2 potions of haste {unknown}
 e - 2 potions of flight


   Skills:
 + Level 0.2 Maces & Flails
 + Level 2.0 Dodging
 - Level 2.1 Stealth
 * Level 3.1 Spellcasting
 * Level 2.6 Conjurations
 * Level 4.4 Fire Magic


You had 4 spell levels left.
You knew the following spells:

 Your Spells              Type           Power      Damage    Failure   Level
a - Foxfire               Conj/Fire      52%        2x1d6     4%          1
b - Scorch                Fire           32%        2d7       4%          2
c - Conjure Flame         Conj/Fire      13%        6-21      13%         3

Your spell library contained the following spells:

 Spells                   Type           Power      Damage    Failure   Level
 Inner Flame              Hex/Fire       9%         N/A       22%         3
 Flame Wave               Conj/Fire      13%        3d5       41%         4


Dungeon Overview and Level Annotations

Branches:
Dungeon (4/15)
 Temple: D:4-7

Altars:
Gozag
Makhleb
Wu Jian


Innate Abilities, Weirdness & Mutations

You are immune to sickness and miasma.
Your stone body is resilient. (AC +4)
You are immune to poison.
You resist negative energy. (rN+)
You are resistant to electric shocks. (rElec)
You are resistant to unholy torment.
You are immune to petrification.


Message History

You conjure some foxfire!
You are engulfed in a cloud of scalding steam.
The foxfire hits the steam dragon but does no damage. x2
Unknown command.
The foxfire hits the steam dragon.
The steam dragon is lightly wounded.
The foxfire hits the steam dragon.
The steam dragon is lightly wounded.
Casting: Foxfire (safe; 4% risk of failure)
Confirm with . or Enter, or press ? or * to list all spells.
Flames lash the steam dragon but do no damage.
You are engulfed in a cloud of scalding steam.
The steam dragon breathes steam at you. The ball of steam hits you!
* * * LOW HITPOINT WARNING * * *
Casting: Scorch (safe; 4% risk of failure)
Confirm with . or Enter, or press ? or * to list all spells.
Flames lash the steam dragon.
The steam dragon is moderately wounded.
The steam dragon's fire resistance burns away.
The steam dragon bites you but does no damage.
The steam dragon claws you but does no damage.
You are confused.
You feel invigorated. The steam dragon bites you.
The steam dragon closely misses you.
The steam dragon is no longer more vulnerable to fire.
The steam dragon breathes steam at you. The ball of steam misses you.
The steam dragon bites you. The steam dragon barely misses you.
You miss the steam dragon.
The steam dragon is moderately wounded.
You are engulfed in a cloud of scalding steam.
* * * LOW HITPOINT WARNING * * *
The steam dragon bites you.
* * * LOW HITPOINT WARNING * * *
The steam dragon barely misses you. The steam dragon breathes steam at you.
The ball of steam hits you!
Ouch! That really hurt!
You die...

.. #.# #######.# #.#
###....##..##.##
#<#.##.#.......#
###.#.##.#.?.....#
#...#....#|......#
#.###.##.#...?...#
#.....##....#+#D###########
###########.#.@§###........
#.##§§§.#........
#...§§§.#........ #########
####..###........ ........#
#............. ........#
#...##.####### ........#
#.>....# ........#
#####..###### ........#
#..........


You could see a steam dragon (catching breath).

Vanquished Creatures
  A centaur skeleton (D:4)
  An orc wizard (D:3)
  5 adders
  A worm (D:4)
  2 dart slugs (D:1)
  2 orcs (D:3)
  5 ball pythons
  6 bats
  4 endoplasms
  8 giant cockroaches
  6 goblins
  5 hobgoblins
  3 quokkas
  3 frilled lizards
  3 kobolds
  2 rats
57 creatures vanquished.

Vanquished Creatures (collateral kills)
  A foxfire (D:2)
1 creature vanquished.

Vanquished Creatures (others)
  158 foxfires
158 creatures vanquished.

Grand Total: 216 creatures vanquished

Notes
Turn   | Place    | Note
-------+----------+-------------------------------------------
     0 | D:1      | funkygono the Gargoyle Fire Elementalist began the quest
                  | for the Orb.
     0 | D:1      | Reached XP level 1. HP: 10/10 MP: 3/3
   174 | D:1      | Reached XP level 2. HP: 15/15 MP: 1/5
   264 | D:1      | Learned a level 2 spell: Scorch
  1096 | D:1      | Reached XP level 3. HP: 19/19 MP: 2/6
  1451 | D:2      | You fall into a shaft and drop 2 floors!
  1760 | D:3      | Reached skill level 4 in Fire Magic
  1760 | D:3      | Reached XP level 4. HP: 24/24 MP: 1/7
  1842 | D:3      | Found an opulent altar of Gozag.
  3207 | D:2      | Learned a level 3 spell: Conjure Flame
  3388 | D:3      | Found a burning altar of Makhleb.
  3393 | D:3      | Reached XP level 5. HP: 28/28 MP: 6/9
  3601 | D:3      | Found an ornate altar of the Wu Jian Council.
  4322 | D:4      | Noticed a steam dragon
  4333 | D:4      | Killed from afar by a steam dragon

Illustrated notes

Levels and vault maps discovered:
D:1:      amcnicky_arrival_underground_garden, layout_loops_ring,
          nrook_mini_backslash, minmay_worlds_worst_comb
D:2:      layout_basic, serial_forest, infiniplex_forest_split,
          infiniplex_forest_end_double, infiniplex_forest_straight_3,
          infiniplex_forest_corner_1, infiniplex_forest_straight_2,
          infiniplex_forest_end_3
D:3:      layout_basic, mainiacjoe_overflow_surrounded_room,
          nzn_wu_jian_council_hall, mainiacjoe_overflow_paths,
          kennysheep_generic_room_11
D:4:      layout_basic

Skill      XL: |  1  2  3  4  5 |
---------------+----------------+-----
Fire Magic     | 4 |  4.4
Conjurations   | 2 |  2.6
Dodging        | 2 |  2.0
Spellcasting   | 3 |  3.1
Maces & Flails | |  0.2
Stealth        | |  2.1

Action                   |  1- 3 |  4- 6 || total
-------------------------+-------+-------++-------
Melee: Unarmed           |     5 |       ||     5
       Staff             |     8 |       ||     8
       Flail             |     2 |    53 ||    55
 Cast: Foxfire           |    46 |    48 ||    94
       Scorch            |     3 |     8 ||    11
  Use: Scroll            |       |     9 ||     9
       Potion            |       |     1 ||     1
Armor: Robe              |    21 |    15 ||    36
Dodge: Dodged            |    39 |    31 ||    70

Table legend: (Time is in decaauts)
 A = Elapsed time spent in this place.
 B = Non-inter-level travel time spent in this place.
 C = Inter-level travel time spent in this place.
 D = Time resting spent in this place.
 E = Time spent auto-exploring this place.
 F = Levels seen in this place.
 G = Mean time per level.
                   A        B        C        D        E       F      G
               +--------+--------+--------+--------+--------+-----+--------+
         Total |   4354 |   4256 |     98 |    349 |   2983 |   4 | 1088.5 |
       Dungeon |   4354 |   4256 |     98 |    349 |   2983 |   4 | 1088.5 |
               +--------+--------+--------+--------+--------+-----+--------+

Top non-repeatable levels by time:
     D:3: 1409 daAuts
     D:2: 1317 daAuts
     D:1: 1304 daAuts
     D:4: 323 daAuts
